 Dungeon Crawl Stone Soup version 0.20.1-1-g8b1a95d (webtiles) character file.

42 polve the Changer (level 3, 0/26 HPs)
             Began as a Merfolk Transmuter on Aug 8, 2017.
             Killed by nerve-wracking pain
             ... invoked by Jessica
              (14 damage)
             ... on level 2 of the Dungeon.
             The game lasted 00:01:24 (1974 turns).

polve the Changer (Merfolk Transmuter)              Turns: 1974, Time: 00:01:24

Health: 0/26       AC:  2    Str: 10    XL:     3   Next: 56%
Magic:  6/6        EV: 13    Int: 13    God:
Gold:   61         SH:  0    Dex: 14    Spells: 0/6 levels left

rFire    . . .     SeeInvis .     - Unarmed
rCold    . . .     Gourm    .   (no shield)
rNeg     . . .     Faith    .   b - +0 robe
rPois    .         Spirit   .   (no helmet)
rElec    .         Reflect  .   (no cloak)
rCorr    .         Harm     .   (no gloves)
MR       .....                  (no boots)
Stlth    +.........             (no amulet)
Regen    0.1/turn               (no ring)
MPRegen  0.1/turn               (no ring)

@: slowed, very slow
A: change form in water, swift swim, stealthy swim
a: no special abilities


You were on level 2 of the Dungeon.
You were hungry.

You visited 1 branch of the dungeon, and saw 2 of its levels.

You collected 61 gold pieces.

Inventory:

Missiles
 a - 31 arrows
Armour
 b - a +0 robe (worn)
Jewellery
 j - a +3 ring of evasion {unknown}
Scrolls
 e - 4 scrolls of identify {unknown}
 g - a scroll of enchant weapon {unknown}
 k - a scroll of immolation {unknown}
 l - a scroll of enchant armour {unknown}
Potions
 i - a potion of might {unknown}
Books
 c - a book of Changes

   Spells                             Type                      Level
   a - Beastly Appendage              Transmutation                1
   b - Sticks to Snakes               Transmutation                2
   c - Spider Form                    Transmutation/Poison         3
   d - Ice Form                       Ice/Transmutation            4
   e - Blade Hands                    Transmutation                5
Comestibles
 d - a bread ration
 h - 2 royal jellies


   Skills:
 - Level 1.1 Fighting
 - Level 2.6 Dodging
 - Level 3.2 Unarmed Combat
 - Level 2.0 Spellcasting
 - Level 5.0 Transmutations
 + Level 0.4 Poison Magic


You couldn't memorise any spells.
You knew the following spells:

 Your Spells              Type           Power        Failure   Level  Hunger
a - Beastly Appendage     Tmut           ##....       3%          1    ##.....
b - Sticks to Snakes      Tmut           ##......     4%          2    ###....
c - Spider Form           Tmut/Pois      #.........   24%         3    ####...


Dungeon Overview and Level Annotations

Branches:
Dungeon (2/15)

Altars:

Annotations:
D:2 Jessica


Message History

You are too injured to fight recklessly!
You are too injured to fight recklessly!
You are too injured to fight recklessly!
You are too injured to fight recklessly!
You are too injured to fight recklessly!
You closely miss Jessica.
Jessica is severely wounded.
Jessica barely misses you. Jessica casts a spell at you.
You resist with some effort.
You hit Jessica but do no damage.
Jessica is severely wounded.
Jessica hits you with a club. x2
* * * LOW HITPOINT WARNING * * *
You closely miss Jessica. Your punch misses Jessica.
Jessica is severely wounded.
Jessica casts a spell at you. Pain shoots through your body!
Ouch! That really hurt!
You die...

...# #.. #.. #.# #.#
###########.####
#..............#
#........##....######
#..@@....####.<#(....
#...........#........
#........##.#..#.....
#........# #..######
#..............#
###########.#..#
#.#..# . ...# # #..


You could see Jessica.

Vanquished Creatures
  A worm (D:1)
  3 dart slugs (D:1)
  A leopard gecko (D:1)
  4 goblins (D:1)
  2 hobgoblins (D:1)
  6 jackals (D:1)
  A kobold (D:1)
  2 bats (D:1)
  2 frilled lizards (D:1)
  10 rats
32 creatures vanquished.

Notes
Turn   | Place    | Note
-------+----------+-------------------------------------------
     0 | D:1      | polve the Merfolk Transmuter began the quest for the Orb.
     0 | D:1      | Reached XP level 1. HP: 15/15 MP: 3/3
    51 | D:1      | Reached skill level 3 in Transmutations
   426 | D:1      | Reached XP level 2. HP: 21/21 MP: 5/5
   524 | D:1      | Reached skill level 4 in Transmutations
   922 | D:1      | Reached XP level 3. HP: 26/26 MP: 6/6
  1505 | D:1      | Reached skill level 5 in Transmutations
  1509 | D:1      | Learned a level 2 spell: Sticks to Snakes
  1513 | D:1      | Learned a level 3 spell: Spider Form
  1957 | D:2      | Noticed Jessica
  1974 | D:2      | Killed from afar by Jessica

Skill      XL: |  1  2  3 |
---------------+----------+-----
Transmutations | 3 4 5 |  5.0
Fighting       | |  1.1
Dodging        | |  2.6
Unarmed Combat | |  3.2
Spellcasting   | |  2.0
Poison Magic   | |  0.4

Action                   || total
-------------------------++-------
Melee: Unarmed           ||   143
       Headbutt          ||     6
       Punch             ||     2
 Cast: Beastly Appendage ||     8
 Stab: Sleeping          ||     3
  Eat: Chunk             ||     3
Armor: Robe              ||    23
Dodge: Dodged            ||    91
